 Dungeon Crawl Stone Soup version 0.30-a0-305-g026cb31310 (webtiles) character file.

Game seed: 2257829441163890132

449 Harunobu the Trooper (level 6, -6/57 HPs)
             Began as a Minotaur Monk on Oct 20, 2022.
             Splashed by a jelly's acid (8 damage)
             ... on level 5 of the Dungeon on Oct 21, 2022.
             The game lasted 00:05:15 (3388 turns).

Harunobu the Trooper (Minotaur Monk)                Turns: 3388, Time: 00:05:16

Health: -6/57      AC: -8    Str: 17    XL:     6   Next: 74%
Magic:  5/5        EV:  8    Int:  7    God:
Gold:   155        SH:  0    Dex: 13    Spells: 5/5 levels left

rFire   . . .      SeeInvis .    a - +0 mace
rCold   . . .      Faith    .    (no shield)
rNeg    + . .      Spirit   .    n - +0 chain mail
rPois   .          Reflect  .    (helmet restricted)
rElec   .          Harm     .    (no cloak)
rCorr   .          Rampage  .    (no gloves)
Will    .....                    (no boots)
Stlth   ..........               (no amulet)
HPRegen 0.29/turn                f - ring of positive energy
MPRegen 0.09/turn                (no ring)

@: corroded
A: horns 2, retaliatory headbutt
a: no special abilities


You were on level 5 of the Dungeon.
You visited 1 branch of the dungeon, and saw 5 of its levels.

You collected 155 gold pieces.

Inventory:

Hand Weapons
 a - a +0 mace (weapon)
Armour
 b - a +0 robe
 n - a +0 chain mail (worn)
Jewellery
 f - a ring of positive energy (left hand)
 h - a ring of fire
 s - a ring of fire
 x - a +6 ring of dexterity
Wands
 w - a wand of quicksilver (6)
Scrolls
 d - a scroll of vulnerability {unknown}
 e - 4 scrolls of identify {unknown}
 g - a scroll of teleportation {unknown}
 j - a scroll of summoning {unknown}
 m - 2 scrolls of magic mapping {unknown}
 o - a scroll of blinking {unknown}
 q - 2 scrolls of immolation {unknown}
 y - a scroll of noise {unknown}
Potions
 c - a potion of ambrosia
 i - a potion of brilliance {unknown}
 k - a potion of attraction {unknown}
 l - a potion of berserk rage {unknown}
 p - 3 potions of might
 r - 3 potions of heal wounds {unknown}
 t - a potion of magic {unknown}
 u - a potion of resistance {unknown}
 v - 2 potions of cancellation {unknown}


   Skills:
 + Level 6.1 Fighting
 - Level 3.6 Maces & Flails
 + Level 5.5 Dodging
 + Level 4.0 Stealth


You had 5 spell levels left.
You didn't know any spells.
Your spell library contained the following spells:

 Spells                   Type           Power      Damage    Failure   Level
 Gell's Gravitas          Tloc           0%         N/A       100%        3
 Lesser Beckoning         Tloc           0%         N/A       100%        3
 Teleport Other           Tloc           0%         N/A       100%        3
 Leda's Liquefaction      Hex/Erth       0%         N/A       100%        4
 Lee's Rapid Deconstruct  Erth           0%         3d4*      100%        5
 Dispersal                Tloc           0%         N/A       100%        6
 Statue Form              Tmut/Erth      0%         N/A       100%        6


Dungeon Overview and Level Annotations

Branches:
Dungeon (5/15)
 Temple: D:4-7

Altars:
Cheibriados
Okawaru
Trog
Yredelemnul

Annotations:
D:4 1 runed translucent door, Necrophagist's ghost, amateur OpTm
D:5 Eustachio


Innate Abilities, Weirdness & Mutations

You have a pair of horns on your head.
You reflexively headbutt those who attack you in melee.


Message History

The adder moves out of view.
An adder is nearby!
The adder barely misses you. You furiously retaliate!
You headbutt the adder. You hit the adder.
You kill the adder!
Your Stealth skill increases to level 4!
A jelly comes into view.
The jelly quivers.
The jelly closely misses you.
You hit the jelly.
Your hands burn!
The jelly is moderately wounded.
The jelly barely misses you.
You hit the jelly.
Your hands burn!
The jelly is moderately wounded.
The jelly hits you. The acid corrodes you!
You are splashed with acid!
You hit the jelly.
Your hands burn!
The jelly is heavily wounded.
The jelly hits you. The acid corrodes you!
You are splashed with acid!
You barely miss the jelly.
The jelly is heavily wounded.
The jelly hits you. The acid corrodes you!
You are splashed with acid!
The jelly hits you.
You are splashed with acid!
* * * LOW HITPOINT WARNING * * *
You hit the jelly but do no damage.
Your hands burn!
* * * LOW HITPOINT WARNING * * *
You headbutt the jelly, but do no damage.
The jelly is heavily wounded.
The jelly hits you.
* * * LOW HITPOINT WARNING * * *
The acid corrodes you!
You are splashed with acid!
* * * LOW HITPOINT WARNING * * *
Eustachio the Magnificent comes into view.
He is wielding a +0 rapier of venom.
Eustachio shouts!
Eustachio yells, "Perjured traitor, DIE!"
Eustachio mumbles some strange words.
Eustachio blinks!
The jelly attacks as you move away! The jelly hits you.
* * * LOW HITPOINT WARNING * * *
The acid corrodes you!
You are splashed with acid!
You die...

.@.......#.....# .
P......#.....#.##
####@##.##.....#...
P..................PPP
..###.#.###....#.#..PP
........###....#.# ..
...............#+#.
.###..#J###.#......
#.# #.##@....#......
#.# #. #.###.#......
#.# #.##............
... ................
#.# ########........
#.# ######..#.####
#^#####.........#
#.............###
#.#####.#####.#


You could see Eustachio and a jelly.

Vanquished Creatures
  A necrophage (D:4)
  3 hounds
  A human zombie (D:3)
  2 orc priests (D:3)
  An iguana (D:5)
  An orc wizard (D:4)
  A gnoll (D:3)
  6 adders
  3 worms
  4 dart slugs
  8 orcs
  8 endoplasms
  8 goblins
  6 hobgoblins
  A quokka (D:3)
  5 ball pythons
  5 bats
  A frilled lizard (D:1)
  10 kobolds
  8 rats
83 creatures vanquished.

Vanquished Creatures (others)
  8 plants (D:5)
8 creatures vanquished.

Grand Total: 91 creatures vanquished

Notes
Turn   | Place    | Note
-------+----------+-------------------------------------------
     0 | D:1      | Harunobu the Minotaur Monk began the quest for the Orb.
     0 | D:1      | Reached XP level 1. HP: 19/19 MP: 0/0
    60 | D:1      | Reached XP level 2. HP: 20/27 MP: 1/1
   137 | D:1      | Reached skill level 4 in Fighting
   662 | D:2      | Reached XP level 3. HP: 24/33 MP: 2/2
  1283 | D:3      | Found a bloodstained altar of Trog.
  1555 | D:3      | Found a runed translucent door.
  1555 | D:3      | Noticed a human
  1562 | D:3      | Found a basalt altar of Yredelemnul.
  1575 | D:3      | Reached XP level 4. HP: 30/41 MP: 3/3
  1922 | D:3      | Reached skill level 5 in Fighting
  1922 | D:3      | Reached XP level 5. HP: 38/48 MP: 4/4
  2547 | D:4      | Reached skill level 5 in Dodging
  2547 | D:4      | Reached XP level 6. HP: 51/56 MP: 5/5
  2616 | D:4      | Found a runed translucent door.
  2616 | D:4      | Noticed Necrophagist's ghost (amateur OpTm)
  2629 | D:4      | Found a snail-covered altar of Cheibriados.
  2815 | D:4      | Found an iron altar of Okawaru.
  3060 | D:4      | Reached skill level 6 in Fighting
  3269 | D:5      | Entered Level 5 of the Dungeon
  3376 | D:5      | HP: 1/57 [acid (10)]
  3383 | D:5      | Noticed Eustachio
  3388 | D:5      | HP: 2/57 [jelly (2)]
  3388 | D:5      | Splashed by a jelly's acid

Illustrated notes

Levels and vault maps discovered:
D:1:      minmay_arrival_loop, layout_basic
D:2:      layout_basic, minmay_misc_feat_nine_boxes
D:3:      layout_basic, dk_yredelemnul_ordeal, nicolae_overflow_crystal_walls,
          cheibrodos_gnoll_hut
D:4:      layout_basic, mainiacjoe_overflow_brackets, slow_altar_2,
          hellmonk_ghost_happy_afterlife
D:5:      layout_basic, mainiacjoe_overflow_catch_the_wave,
          minmay_temple_entry_gardened_gates, minmay_misc_feat_hallway,
          dreamdust_mushroom_princess, uniq_eustachio, uniq_pikel

Skill      XL: |  1  2  3  4  5  6 |
---------------+-------------------+-----
Fighting       | 4 5 6 |  6.1
Stealth        | 2 3 4 |  4.0
Dodging        | 4 5 |  5.5
Maces & Flails | |  3.6

Action                   |  1- 3 |  4- 6 || total
-------------------------+-------+-------++-------
Melee: Mace              |    77 |   112 ||   189
       Headbutt          |    11 |    20 ||    31
       Punch             |     1 |       ||     1
 Stab: Sleeping          |     5 |       ||     5
Armor: Robe              |    10 |       ||    10
       Chain mail        |     5 |    47 ||    52
Dodge: Dodged            |    37 |    56 ||    93

Table legend: (Time is in decaauts)
 A = Elapsed time spent in this place.
 B = Non-inter-level travel time spent in this place.
 C = Inter-level travel time spent in this place.
 D = Time resting spent in this place.
 E = Time spent auto-exploring this place.
 F = Levels seen in this place.
 G = Mean time per level.
                   A        B        C        D        E       F      G
               +--------+--------+--------+--------+--------+-----+--------+
         Total |   3428 |   3323 |    105 |    848 |   1742 |   5 |  685.6 |
       Dungeon |   3428 |   3323 |    105 |    848 |   1742 |   5 |  685.6 |
               +--------+--------+--------+--------+--------+-----+--------+

Top non-repeatable levels by time:
     D:3: 1152 daAuts
     D:2: 869 daAuts
     D:4: 706 daAuts
     D:1: 579 daAuts
     D:5: 120 daAuts
